 Dungeon Crawl Stone Soup version 0.28-a0-519-gbfeecf2fc5 (webtiles) character file.

Game seed: 10695432552319706815

519 hwctw the Slasher (level 7, 0/54 (55) HPs)
             Began as a Human Monk on Sept 23, 2021.
             Was an Elder of Nemelex Xobeh.
             Succumbed to an orc wizard's poison
             ... on level 6 of the Dungeon.
             The game lasted 00:18:21 (4387 turns).

hwctw the Slasher (Human Monk)                      Turns: 4387, Time: 00:18:22

HP:   0/54 (55)     AC:  6    Str: 13    XL:     7   Next: 45%
MP:   16/16         EV: 14    Int: 10    God:    Nemelex Xobeh [****..]
Gold: 126           SH:  0    Dex: 16    Spells: 6/6 levels left

rFire   . . .      SeeInvis +   a - +1 falchion
rCold   . . .      Faith    .   (no shield)
rNeg    . . .      Spirit   .   b - +1 robe
rPois   .          Reflect  .   (no helmet)
rElec   .          Harm     .   u - +0 cloak
rCorr   .          Rampage  +   (no gloves)
Will    .....                   m - +1 pair of boots {rampage}
Stlth   ++........              (no amulet)
HPRegen 0.18/turn               e - ring of see invisible
MPRegen 0.15/turn               o - ring of magical power

@: brilliant, lethally poisoned (0 -> -8), flying, lightly drained
A: no striking features
a: Renounce Religion, Draw Escape, Draw Destruction, Draw Summoning, Triple
Draw, Deal Four


You were on level 6 of the Dungeon.
You worshipped Nemelex Xobeh.
Nemelex Xobeh was greatly pleased with you.
You visited 2 branches of the dungeon, and saw 7 of its levels.

You collected 126 gold pieces.

Inventory:

Hand Weapons
 a - a +1 falchion (weapon)
 c - a +1 short sword of protection
 h - a +4 spear
 p - a +2 whip of flaming
 r - a +0 falchion
 z - a +0 falchion
Armour
 b - a +1 robe (worn)
 d - a +0 robe
 f - a +0 robe
 j - a +0 robe
 k - a +0 robe
 m - a +1 pair of boots of rampaging (worn)
 n - a +0 robe
 u - a +0 cloak (worn)
Jewellery
 e - a ring of see invisible (left hand)
 o - a ring of magical power (right hand)
 q - a ring of wizardry
 A - a ring of ice
Wands
 l - a wand of acid (8)
Scrolls
 i - a scroll of enchant armour
 v - 2 scrolls of magic mapping {unknown}
 w - a scroll of identify
 y - a scroll of teleportation
Potions
 g - a potion of attraction {unknown}
 t - 2 potions of invisibility
 x - 2 potions of flight


   Skills:
 + Level 4.8 Fighting
 + Level 6.0 Long Blades
 + Level 4.4 Dodging
 + Level 2.4 Stealth


You had 6 spell levels left.
You didn't know any spells.
Your spell library contained the following spells:

 Spells                   Type           Power      Damage    Failure   Level
 Magic Dart               Conj           0%         1d3       36%         1
 Searing Ray              Conj           0%         2d4       50%         2
 Fulminant Prism          Conj/Hex       0%         3d6       98%         4
 Summon Forest            Summ/Tloc      0%         N/A       100%        5
 Eringya's Noxious Bog    Tmut/Pois      0%         N/A       100%        6
 Summon Hydra             Summ           0%         N/A       100%        7


Dungeon Overview and Level Annotations

Branches:
Dungeon (6/15)             Temple (1/1) D:4

Altars:
Ashenzari
Dithmenos
Elyvilon
Fedhas
Gozag
Hepliaklqana
Makhleb
Nemelex Xobeh
Okawaru
Qazlal
Ru
Sif Muna
Trog
Vehumet
Xom
Yredelemnul
The Shining One

Annotations:
D:5 Dowan, Duvessa


Message History

You closely miss the orc wizard.
The orc wizard is moderately wounded.
You feel very sick. The orc barely misses you.
The orc wizard hits you with a +2 dagger of venom.
You are more poisoned.
The orc closely misses you. The orc barely misses you.
As you read the scroll of teleportation, it crumbles to dust.
You feel strangely unstable.
You feel very sick. The orc hits you but does no damage.
The orc wizard hits you with a +2 dagger of venom.
You are lethally poisoned!
The orc barely misses you. The orc hits you but does no damage.
* * * LOW HITPOINT WARNING * * *
You feel very sick. The orc misses you.
You hit the orc.
The orc is heavily wounded.
* * * LOW HITPOINT WARNING * * *
You feel very sick. The orc hits you but does no damage.
The orc wizard points at you and mumbles some strange words.
You resist with some effort.
Your surroundings suddenly seem different.
* * * LOW HITPOINT WARNING * * *
You feel very sick.
There is a lethal amount of poison in your body!
* * * LOW HITPOINT WARNING * * *
You feel very sick.
Okay, then.
It was a potion of flight.
You feel very buoyant.
You fly up into the air.
* * * LOW HITPOINT WARNING * * *
You feel sick.
It was a potion of brilliance.
You feel clever all of a sudden.
You die...
Your body glows with a rainbow of weird colours and disappears.

### #.. #.# #.#
#.######
#.#....####.#.
#.#...<.......
#######@#.....#####.#
........#.....#####.##
#####...#.............
#.................
.........#.........
###.........#.....##
......#.#...#.##..#
............#.# ..#
#.#.#.#.#...#.. ...


There were no monsters in sight!

Vanquished Creatures
  A centaur (D:5)
  A howler monkey (D:5)
  2 hounds
  2 bullfrog skeletons
  2 iguanas
  2 orc wizards
  A hound skeleton (D:5)
  6 adders
  A worm (D:2)
  3 dart slugs
  9 orcs
  2 bats
  4 endoplasms
  3 giant cockroaches
  9 goblins
  9 hobgoblins
  15 jackals
  9 kobolds
  4 quokkas
  5 ball pythons
  4 frilled lizards
  2 rats
96 creatures vanquished.

Notes
Turn   | Place    | Note
-------+----------+-------------------------------------------
     0 | D:1      | hwctw the Human Monk began the quest for the Orb.
     0 | D:1      | Reached XP level 1. HP: 18/18 MP: 1/1
   246 | D:1      | Reached XP level 2. HP: 14/24 MP: 2/2
   535 | D:1      | Found a faded altar of an unknown god.
   607 | D:1      | Became a worshipper of Nemelex Xobeh the Trickster
   607 | D:1      | Reached * piety under Nemelex Xobeh
   607 | D:1      | Reached ** piety under Nemelex Xobeh
   607 | D:1      | Received a gift from Nemelex Xobeh
   731 | D:1      | Reached XP level 3. HP: 16/29 MP: 3/3
   954 | D:2      | Found Potatuh's Assorted Antiques.
   989 | D:2      | Reached XP level 4. HP: 25/37 MP: 4/4
  1002 | D:2      | Identified a scroll of acquirement
  1002 | D:2      | Acquired a +1 pair of boots of rampaging
  1283 | D:3      | Reached skill level 4 in Long Blades
  1309 | D:3      | Reached *** piety under Nemelex Xobeh
  1309 | D:3      | Received a gift from Nemelex Xobeh
  1988 | D:3      | Reached XP level 5. HP: 10/42 MP: 5/5
  2489 | D:4      | Found a staircase to the Ecumenical Temple.
  2500 | Temple   | Entered the Ecumenical Temple
  2793 | D:4      | Reached XP level 6. HP: 30/48 MP: 6/6
  3042 | D:4      | Reached **** piety under Nemelex Xobeh
  3068 | D:4      | Received a gift from Nemelex Xobeh
  3222 | D:5      | Entered Level 5 of the Dungeon
  3303 | D:5      | Reached skill level 5 in Long Blades
  3449 | D:5      | Reached XP level 7. HP: 34/55 MP: 7/7
  3879 | D:5      | Reached skill level 6 in Long Blades
  4017 | D:5      | Found a basalt altar of Yredelemnul.
  4302 | D:5      | Noticed Dowan
  4303 | D:5      | Noticed Duvessa
  4356 | D:6      | Received a gift from Nemelex Xobeh
  4386 | D:6      | HP: 2/54 [poisoned by an orc wizard]
  4387 | D:6      | Succumbed to an orc wizard's poison

Illustrated notes

Levels and vault maps discovered:
D:1:      lemuel_arrival_funnel, layout_basic,
          dilly_ecumenical_altar_fadedgnrine
D:2:      layout_basic, serial_shops, shop, chequers_serial_rivers_large_a,
          roderic_roman_lattice, uniq_robin
D:3:      layout_loops_corners
D:4:      layout_basic, minmay_temple_entry_mist
D:5:      layout_basic, yredelemnul_altar_generic, mainiacjoe_overflow_catwalk,
          zin_angel, minmay_quadrilaterals, uniq_duvessa
D:6:      minmay_goblin_kobold_castle, layout_basic, kennysheep_mini_moat,
          grunt_decor_mini_mirrors, hangedman_decor_riveting, minmay_pentangle
Temple:   regret_index_temple_waves

Skill      XL: |  1  2  3  4  5  6  7 |
---------------+----------------------+-----
Long Blades    | 4 5 6 |  6.0
Fighting       | 4 |  4.8
Dodging        | 4 |  4.4
Stealth        | |  2.4

Action                   |  1- 3 |  4- 6 |  7- 9 || total
-------------------------+-------+-------+-------++-------
Melee: Falchion          |   101 |   251 |    70 ||   422
Invok: Draw Escape       |       |     1 |       ||     1
  Use: Scroll            |     3 |     5 |     2 ||    10
       Potion            |       |     2 |     2 ||     4
 Stab: Sleeping          |     1 |       |     1 ||     2
Armor: Robe              |    33 |    80 |    28 ||   141
Dodge: Dodged            |    84 |   225 |    83 ||   392

Table legend: (Time is in decaauts)
 A = Elapsed time spent in this place.
 B = Non-inter-level travel time spent in this place.
 C = Inter-level travel time spent in this place.
 D = Time resting spent in this place.
 E = Time spent auto-exploring this place.
 F = Levels seen in this place.
 G = Mean time per level.
                   A        B        C        D        E       F      G
               +--------+--------+--------+--------+--------+-----+--------+
         Total |   4433 |   4432 |      1 |   1190 |      0 |   7 |  633.3 |
       Dungeon |   4235 |   4234 |      1 |   1190 |      0 |   6 |  705.8 |
        Temple |    197 |    197 |      0 |      0 |      0 |   1 |  197.0 |
               +--------+--------+--------+--------+--------+-----+--------+

Top non-repeatable levels by time:
     D:3: 1120 daAuts
     D:5: 1039 daAuts
     D:1: 792 daAuts
     D:4: 736 daAuts
     D:2: 487 daAuts
  Temple: 197 daAuts
     D:6: 60 daAuts
